 Dungeon Crawl Stone Soup version 0.26.1-2-gb8aa6d0cf2 (webtiles) character file.

Game seed: 132423122033013936

31 inc the Stinger (level 3, 14/14 HPs)
             Began as a Felid Venom Mage on Feb 11, 2021.
             Was a Follower of Wu Jian.
             Quit the game on level 2 of the Dungeon.
             The game lasted 00:02:31 (2118 turns).

inc the Stinger (Felid Venom Mage)                  Turns: 2118, Time: 00:02:31

Health: 14/14      AC:  1    Str:  4    XL:     3   Next: 7%
Magic:  0/7        EV: 18    Int: 17    God:    Wu Jian [*.....]
Gold:   52         SH:  0    Dex: 16    Spells: 5/6 levels left
                                        Lives:  0   Deaths: 0

rFire    . . .     SeeInvis +   (weapon unavailable)
rCold    . . .     Faith    .   (shield unavailable)
rNeg     . . .     Spirit   .   (armour unavailable)
rPois    .         Reflect  .   (helmet unavailable)
rElec    .         Harm     .   (cloak unavailable)
rCorr    .         Rampage  .   (gloves unavailable)
Will     .....                  (boots unavailable)
Stlth    +++.......             (no amulet)
HPRegen  0.04/turn              (no ring)
MPRegen  0.10/turn              (no ring)

@: quick
A: very small, no armour, no weapons or thrown items, stealth, claws 1, fangs 3,
see invisible, speed 1, shaggy fur 1, sharp paws
a: Renounce Religion


You were on level 2 of the Dungeon.
You worshipped Wu Jian.
Wu Jian was aware of your devotion.
You visited 1 branch of the dungeon, and saw 2 of its levels.

You collected 52 gold pieces.

Inventory:

Scrolls
 a - 3 scrolls of identify {unknown}
 b - a scroll of enchant armour {unknown}
 e - a scroll of enchant weapon {unknown}
 g - 2 scrolls of remove curse {unknown}
Potions
 c - 2 potions of flight {unknown}
 d - a potion of mutation {unknown}
 f - a potion of lignification {unknown}
 h - a potion of degeneration {unknown}
 i - a potion of attraction {unknown}


   Skills:
 - Level 2.6 Dodging
 - Level 2.6 Stealth
 - Level 2.0 Spellcasting
 - Level 1.1 Transmutations
 + Level 3.9 Poison Magic


You had 5 spell levels left.
You knew the following spells:

 Your Spells              Type           Power        Failure   Level
a - Sting                 Tmut/Pois      40%          7%          1

Your spell library contained the following spells:

 Spells                   Type           Power        Failure   Level
 Poisonous Vapours        Pois/Air       16%          13%         2
 Ignite Poison            Fire/Tmut/Pois 7%           28%         3
 Mephitic Cloud           Conj/Pois/Air  6%           34%         3
 Olgreb's Toxic Radiance  Pois           14%          36%         4


Dungeon Overview and Level Annotations

Branches:
Dungeon (2/15)

Altars:
Wu Jian


Innate Abilities, Weirdness & Mutations

You cannot wear armour.
You are incapable of wielding weapons or throwing items.
Your paws allow you to move quietly. (Stealth)
You have sharp claws.
You have razor-sharp teeth.
You have supernaturally acute eyesight. (SInv)
You cover ground quickly.
You are covered in fur. (AC +1)
Your sharp claws are effective at attacking unaware monsters.


Message History

Casting: Sting (safe; 7% risk of failure)
Confirm with . or Enter, or press ? or * to list all spells.
Aiming: Sting (safe; 7% risk of failure)
Press: ? - help, Shift-Dir - straight line, f/p - worm
Aim: a worm (heavily wounded, poisoned, 10% to evade)
The sting misses the kobold.
The sting hits the worm.
The worm looks even sicker.
The worm is heavily wounded.
The kobold barely misses you.
Unknown command.
Casting: Sting (safe; 7% risk of failure)
Confirm with . or Enter, or press ? or * to list all spells.
You don't have enough magic to cast that spell.
There are monsters nearby!
You kill the kobold!
The Council accepts your kill.
There is a stone staircase leading down here.
Things that are here:
a +2 vampiric short sword; a kobold corpse Are you sure you want to abandon this character and quit the game? (Confirm with "yes".)

#######..##
.####...#########
##.###.# #...# #
#..##.# #...# #
#### ##.##.#
#...# # ....
#.##.# ##### #
...# #..#.# # ...
##.#.# # #.#
#...# #
#..######.@# #
###.........># #
+....).......# #
###..........# ..
# #.########w#
.... # #.
#####'#####.....
# .
#.......()......
# ##
#...........####
# #.........).# #


You could see a worm (very poisoned).

Vanquished Creatures
  An ooze (D:1)
  A giant cockroach (D:1)
  4 goblins
  2 hobgoblins
  4 jackals (D:1)
  3 ball pythons (D:1)
  A bat (D:1)
  A frilled lizard (D:1)
  5 kobolds
  4 rats
26 creatures vanquished.

Notes
Turn   | Place    | Note
-------+----------+-------------------------------------------
     0 | D:1      | inc the Felid Venom Mage began the quest for the Orb.
     0 | D:1      | Reached XP level 1. HP: 7/7 MP: 4/4
   371 | D:1      | Reached skill level 3 in Poison Magic
   629 | D:1      | Reached XP level 2. HP: 11/11 MP: 0/6
  1946 | D:2      | Found a faded altar of an unknown god.
  1973 | D:2      | Became a worshipper of the Wu Jian Council
  1973 | D:2      | Reached * piety under Wu Jian
  2051 | D:2      | Reached XP level 3. HP: 14/14 MP: 3/7
  2118 | D:2      | Quit the game

Illustrated notes

Levels and vault maps discovered:
D:1:      dpeg_arrival_orchard, layout_loops_corners
D:2:      layout_basic, lemuel_doored_altar, chequers_ecumenical_altar_island,
          trog_hazing_becter, uniq_jessica

Skill      XL: |  1 |
---------------+----+-----
Poison Magic   | 3 |  3.9
Dodging        | |  2.6
Stealth        | |  2.6
Spellcasting   | |  2.0
Transmutations | |  1.1

Action                   || total
-------------------------++-------
Melee: Unarmed           ||    12
 Cast: Sting             ||    46
 Stab: Sleeping          ||     1
Armor: Skin              ||     2
Dodge: Dodged            ||    32
